| TOP OF THE 1ST |
|
Durham Bulls batting - Pitching for Pawtucket Red Sox : RHP Roberto Morales
|
|
Pitching: RHP Roberto Morales
|
|
|
Batting: LHB Darryl Gonnella
|
0-0: Called Strike 0-1: SINGLE (Line Drive, 78M, EV 104.4 MPH)
|
|
Batting: LHB Eric Toney
|
0-0: Foul Ball, location: 2F 0-1: Swinging Strike 0-2: Ball 1-2: Ball 2-2: Strikes out swinging
|
|
Batting: RHB Alex Diaz
|
0-0: Called Strike Darryl Gonnella steals 2nd base (no throw) 0-1: Ball 1-1: Called Strike 1-2: Ball 2-2: Foul Ball, location: 2F 2-2: Strikes out swinging
|
|
Batting: LHB Davion Lewis
|
0-0: Ball 1-0: Ground out 6-3 (Groundball, 6M, EV 89.4 MPH)
|
| Top of the 1st over - 0 runs, 1 hit, 0 errors, 1 left on base; Durham 0 - Pawtucket 0 |
| BOTTOM OF THE 1ST |
|
Pawtucket Red Sox batting - Pitching for Durham Bulls : RHP Miguel Romero
|
|
Pitching: RHP Miguel Romero
|
|
|
Batting: RHB Matt Hinkle
|
0-0: Called Strike 0-1: Ground out 1-3 (Groundball, 13, EV 60.6 MPH)
|
|
Batting: RHB Roberto Morales
|
0-0: Called Strike 0-1: Swinging Strike 0-2: Ball 1-2: Foul Ball, location: 2F 1-2: Ball 2-2: Ball 3-2: Base on Balls
|
|
Batting: RHB Dave Burwell
|
0-0: Ball 1-0: SINGLE (Line Drive, 6D, EV 94.4 MPH) Roberto Morales to second
|
|
Batting: LHB Zack Guillen
|
0-0: Called Strike 0-1: Ball 1-1: Called Strike 1-2: Strikes out looking
|
|
Batting: RHB Brandon Perris
|
0-0: Ball 1-0: Called Strike 1-1: Fielders Choice at 2nd, 6-4 (Groundball, 6, EV 84.4 MPH)
|
| Bottom of the 1st over - 0 runs, 1 hit, 0 errors, 2 left on base; Durham 0 - Pawtucket 0 |
| TOP OF THE 2ND |
|
Durham Bulls batting - Pitching for Pawtucket Red Sox : RHP Roberto Morales
|
|
Batting: RHB Sesto Carpini
|
0-0: SINGLE (Groundball, 3D, EV 96.2 MPH)
|
|
Batting: RHB James Huddleston
|
0-0: Ball Sesto Carpini steals 2nd base 1-0: Foul Ball, location: 2F 1-1: Ground out 4-3 (Groundball, 4, EV 80.0 MPH) Sesto Carpini to third
|
|
Batting: RHB Kevin Benfield
|
0-0: Ball 1-0: Ball 2-0: Ball 3-0: Called Strike 3-1: Base on Balls
|
|
Batting: RHB Roberto Aispuro
|
0-0: Foul Ball, location: 2F 0-1: Called Strike 0-2: Foul Ball, location: 2F 0-2: Ball 1-2: Grounds into double play, 5-4-3 (Groundball, 56, EV 107.5 MPH)
|
| Top of the 2nd over - 0 runs, 1 hit, 0 errors, 1 left on base; Durham 0 - Pawtucket 0 |
| BOTTOM OF THE 2ND |
|
Pawtucket Red Sox batting - Pitching for Durham Bulls : RHP Miguel Romero
|
|
Batting: RHB Rodolfo Contreras
|
0-0: Called Strike 0-1: Ball 1-1: Ball 2-1: Swinging Strike 2-2: Ball 3-2: Fly out, F7 (Line Drive, 7, EV 85.0 MPH)
|
|
Batting: LHB Frank Olivo
|
0-0: Foul Ball, location: 2F 0-1: Ball 1-1: Foul Ball, location: 2F 1-2: Ball 2-2: SINGLE (Line Drive, 56, EV 97.5 MPH)
|
|
Batting: RHB Joe Sandoval
|
0-0: Called Strike 0-1: Grounds into double play, 6-4-3 (Groundball, 6, EV 83.1 MPH)
|
| Bottom of the 2nd over - 0 runs, 1 hit, 0 errors, 0 left on base; Durham 0 - Pawtucket 0 |
| TOP OF THE 3RD |
|
Durham Bulls batting - Pitching for Pawtucket Red Sox : RHP Roberto Morales
|
|
Batting: LHB Danny Hull
|
0-0: Ball 1-0: Ball 2-0: Called Strike 2-1: Foul Ball, location: 2F 2-2: Foul Ball, location: 2F 2-2: Strikes out swinging
|
|
Batting: LHB Darryl Gonnella
|
0-0: Bunted foul 0-1: Called Strike 0-2: Strikes out looking
|
|
Batting: LHB Eric Toney
|
0-0: Ball 1-0: Ball 2-0: Called Strike 2-1: SINGLE (Line Drive, 7LS, EV 105.6 MPH)
|
|
Batting: RHB Alex Diaz
|
0-0: Foul Ball, location: 2F 0-1: Fly out, F7 (Flyball, 7, EV 87.5 MPH)
|
| Top of the 3rd over - 0 runs, 1 hit, 0 errors, 1 left on base; Durham 0 - Pawtucket 0 |
| BOTTOM OF THE 3RD |
|
Pawtucket Red Sox batting - Pitching for Durham Bulls : RHP Miguel Romero
|
|
Batting: RHB Joe Evrard
|
0-0: Swinging Strike 0-1: Ball 1-1: Swinging Strike 1-2: Strikes out swinging
|
|
Batting: RHB Matt Hinkle
|
0-0: Ball 1-0: SINGLE (Line Drive, 4M, EV 100.0 MPH)
|
|
Batting: RHB Roberto Morales
|
0-0: Ball 1-0: SINGLE (Groundball, 56, EV 101.9 MPH) (infield hit) Matt Hinkle to second
|
|
Batting: RHB Dave Burwell
|
0-0: Ball 1-0: Grounds into double play, 6-4-3 (Groundball, 6, EV 106.9 MPH)
|
| Bottom of the 3rd over - 0 runs, 2 hits, 0 errors, 1 left on base; Durham 0 - Pawtucket 0 |
| TOP OF THE 4TH |
|
Durham Bulls batting - Pitching for Pawtucket Red Sox : RHP Roberto Morales
|
|
Batting: LHB Davion Lewis
|
0-0: Ball 1-0: Swinging Strike 1-1: Foul Ball, location: 2F 1-2: Strikes out swinging
|
|
Batting: RHB Sesto Carpini
|
0-0: Ball 1-0: Ball 2-0: Ball 3-0: Foul Ball, location: 2F 3-1: Swinging Strike 3-2: Base on Balls
|
|
Batting: RHB James Huddleston
|
0-0: Ball 1-0: Swinging Strike 1-1: Hit by Pitch Sesto Carpini to second
|
|
Batting: RHB Kevin Benfield
|
0-0: Ball 1-0: Foul Ball, location: 2F 1-1: Called Strike 1-2: Strikes out swinging
|
|
Batting: RHB Roberto Aispuro
|
0-0: Fly out, F7 (Flyball, 7LD, EV 103.1 MPH)
|
| Top of the 4th over - 0 runs, 0 hits, 0 errors, 2 left on base; Durham 0 - Pawtucket 0 |
| BOTTOM OF THE 4TH |
|
Pawtucket Red Sox batting - Pitching for Durham Bulls : RHP Miguel Romero
|
|
Batting: LHB Zack Guillen
|
0-0: Ball 1-0: TRIPLE (Flyball, 9LD, EV 113.8 MPH)
|
|
Batting: RHB Brandon Perris
|
0-0: Ball 1-0: Called Strike 1-1: Called Strike 1-2: Ball 2-2: Strikes out swinging
|
|
Batting: RHB Rodolfo Contreras
|
0-0: Swinging Strike 0-1: Ball Wild Pitch! Zack Guillen scores 1-1: Ball 2-1: Ground out 1-3 (Groundball, 13, EV 63.1 MPH)
|
|
Batting: LHB Frank Olivo
|
0-0: Ground out 3-1 (Groundball, 34S, EV 92.5 MPH)
|
| Bottom of the 4th over - 1 run, 1 hit, 0 errors, 0 left on base; Durham 0 - Pawtucket 1 |
| TOP OF THE 5TH |
|
Durham Bulls batting - Pitching for Pawtucket Red Sox : RHP Roberto Morales
|
|
Batting: LHB Danny Hull
|
0-0: Ball 1-0: Called Strike 1-1: Ball 2-1: Fly out, F9 (Flyball, 9, EV 75.6 MPH)
|
|
Batting: LHB Darryl Gonnella
|
0-0: Ball 1-0: Fly out, F3 (Line Drive, 3, EV 67.5 MPH)
|
|
Batting: LHB Eric Toney
|
0-0: Swinging Strike 0-1: Ball 1-1: Ball 2-1: Swinging Strike 2-2: Ball 3-2: Base on Balls
|
|
Batting: RHB Alex Diaz
|
0-0: Called Strike 0-1: Foul Ball, location: 2F 0-2: Ball 1-2: Foul Ball, location: 2F 1-2: Foul Ball, location: 2F 1-2: Strikes out swinging
|
| Top of the 5th over - 0 runs, 0 hits, 0 errors, 1 left on base; Durham 0 - Pawtucket 1 |
| BOTTOM OF THE 5TH |
|
Pawtucket Red Sox batting - Pitching for Durham Bulls : RHP Miguel Romero
|
|
Batting: RHB Joe Sandoval
|
0-0: Foul Ball, location: 2F 0-1: Ball 1-1: SINGLE (Line Drive, 78M, EV 96.2 MPH)
|
|
Batting: RHB Joe Evrard
|
0-0: Ball 1-0: SINGLE (Groundball, 56D, EV 106.9 MPH) Joe Sandoval to second
|
|
Batting: RHB Matt Hinkle
|
0-0: SINGLE (Groundball, 6S, EV 64.4 MPH) (infield hit) Joe Sandoval to third Joe Evrard to second
|
|
Batting: RHB Roberto Morales
|
0-0: Foul Ball, location: 2F 0-1: Grounds into double play, 6-2-3 (Groundball, 6, EV 90.6 MPH) Joe Evrard to third Matt Hinkle to second
|
|
Batting: RHB Dave Burwell
|
0-0: Ball 1-0: Ball 2-0: Foul Ball, location: 2F 2-1: Ground out U3 (Groundball, 13, EV 85.6 MPH)
|
| Bottom of the 5th over - 0 runs, 3 hits, 0 errors, 2 left on base; Durham 0 - Pawtucket 1 |
| TOP OF THE 6TH |
|
Durham Bulls batting - Pitching for Pawtucket Red Sox : RHP Roberto Morales
|
|
Batting: LHB Davion Lewis
|
0-0: Called Strike 0-1: Ground out 6-3 (Groundball, 6, EV 80.6 MPH)
|
|
Batting: RHB Sesto Carpini
|
0-0: Ball 1-0: Foul Ball, location: 2F 1-1: Fly out, F8 (Line Drive, 89M, EV 91.2 MPH)
|
|
Batting: RHB James Huddleston
|
0-0: Ball 1-0: Fly out, F8 (Flyball, 8RS, EV 89.4 MPH)
|
| Top of the 6th over - 0 runs, 0 hits, 0 errors, 0 left on base; Durham 0 - Pawtucket 1 |
| BOTTOM OF THE 6TH |
|
Pawtucket Red Sox batting - Pitching for Durham Bulls : RHP Miguel Romero
|
|
Batting: LHB Zack Guillen
|
0-0: Called Strike 0-1: Called Strike 0-2: Foul Ball, location: 2F 0-2: Ball 1-2: Ground out 4-3 (Groundball, 34D, EV 105.6 MPH)
|
|
Batting: RHB Brandon Perris
|
0-0: Ball 1-0: Called Strike 1-1: Ball 2-1: Ball 3-1: Foul Ball, location: 2F 3-2: Base on Balls
|
|
Batting: RHB Rodolfo Contreras
|
0-0: Called Strike 0-1: Ball 1-1: SINGLE (Line Drive, 7LM, EV 107.5 MPH) Brandon Perris to second
|
|
Pinch Runner at 2nd Ben Ervin:
|
|
|
Batting: LHB Frank Olivo
|
0-0: Called Strike 0-1: Ball 1-1: Fielders Choice at 2nd, 5-4 (Groundball, 56, EV 106.9 MPH) Ben Ervin to third
|
|
Batting: RHB Joe Sandoval
|
0-0: Swinging Strike 0-1: Ball Balk! Ben Ervin scores Frank Olivo to second 1-1: Swinging Strike 1-2: Ball 2-2: Strikes out swinging
|
| Bottom of the 6th over - 1 run, 1 hit, 0 errors, 1 left on base; Durham 0 - Pawtucket 2 |
| TOP OF THE 7TH |
|
Durham Bulls batting - Pitching for Pawtucket Red Sox : RHP Roberto Morales
|
|
Now at 3B: Ben Ervin
|
|
|
Batting: RHB Kevin Benfield
|
0-0: Fly out, F9 (Flyball, 9, EV 95.0 MPH)
|
|
Batting: RHB Roberto Aispuro
|
0-0: Fly out, F9 (Flyball, 9D, EV 101.9 MPH)
|
|
Batting: LHB Danny Hull
|
0-0: Ball 1-0: Swinging Strike 1-1: Ball 2-1: Ground out 4-3 (Groundball, 4MS, EV 81.9 MPH)
|
| Top of the 7th over - 0 runs, 0 hits, 0 errors, 0 left on base; Durham 0 - Pawtucket 2 |
| BOTTOM OF THE 7TH |
|
Pawtucket Red Sox batting - Pitching for Durham Bulls : RHP Miguel Romero
|
|
Batting: RHB Joe Evrard
|
0-0: Fly out, F8 (Flyball, 8LD, EV 90.6 MPH)
|
|
Batting: RHB Matt Hinkle
|
0-0: Called Strike 0-1: Ball 1-1: Swinging Strike 1-2: Foul Ball, location: 2F 1-2: SINGLE (Groundball, 56D, EV 96.2 MPH)
|
|
Pitching: RHP Luis Cubero
|
|
|
Batting: RHB Roberto Morales
|
0-0: Ball 1-0: Foul Ball, location: 2F 1-1: Called Strike 1-2: Ball 2-2: Ball 3-2: Base on Balls Matt Hinkle to second
|
|
Batting: RHB Dave Burwell
|
0-0: Swinging Strike 0-1: Ball 1-1: Swinging Strike 1-2: Strikes out swinging
|
|
Pitching: LHP Chris Polite
|
|
|
Pinch Hitting: RHB Carlos Nolasco
|
0-0: Ball 1-0: Fly out, F9 (Flyball, 9S, EV 95.0 MPH)
|
| Bottom of the 7th over - 0 runs, 1 hit, 0 errors, 2 left on base; Durham 0 - Pawtucket 2 |
| TOP OF THE 8TH |
|
Durham Bulls batting - Pitching for Pawtucket Red Sox : RHP Roberto Morales
|
|
Now at 2B: Gus Cruz
|
|
|
Now in LF: Matt Hinkle
|
|
|
Batting: LHB Darryl Gonnella
|
0-0: Ball 1-0: Reached on error, E5 (Groundball, 56S, EV 87.5 MPH)
|
|
Batting: LHB Eric Toney
|
0-0: Fly out, F9 (Line Drive, 9, EV 96.2 MPH)
|
|
Batting: RHB Alex Diaz
|
0-0: Called Strike 0-1: Foul Ball, location: 2F 0-2: Ball 1-2: Strikes out swinging
|
|
Pitching: RHP Andy Garvin
|
|
|
Batting: LHB Davion Lewis
|
0-0: SINGLE (Line Drive, 8LS, EV 99.4 MPH) Darryl Gonnella to second Runner from 2nd tries for 3rd, SAFE, throw by CF made to third
|
|
Batting: RHB Sesto Carpini
|
0-0: Called Strike Pickoff Throw to First - Out! 1-3
|
| Top of the 8th over - 0 runs, 1 hit, 1 error, 1 left on base; Durham 0 - Pawtucket 2 |
| BOTTOM OF THE 8TH |
|
Pawtucket Red Sox batting - Pitching for Durham Bulls : LHP Chris Polite
|
|
Batting: SHB Ben Ervin
|
0-0: Called Strike 0-1: Ball 1-1: TRIPLE (Line Drive, 89XD, EV 109.4 MPH)
|
|
Batting: RHB Rodolfo Contreras
|
0-0: Intentional Walk
|
|
Batting: LHB Frank Olivo
|
0-0: Called Strike 0-1: Fly out, F9 (Line Drive, 89M, EV 86.9 MPH) Runner from 3rd tags up, OUT at HOME! 9-2 Rodolfo Contreras to second
|
|
Batting: RHB Joe Sandoval
|
0-0: Foul Ball, location: 2F 0-1: Foul Ball, location: 2F 0-2: Strikes out swinging
|
| Bottom of the 8th over - 0 runs, 1 hit, 0 errors, 1 left on base; Durham 0 - Pawtucket 2 |
| TOP OF THE 9TH |
|
Durham Bulls batting - Pitching for Pawtucket Red Sox : RHP Andy Garvin
|
|
Pitching: RHP Jim Whiteman
|
|
|
Batting: RHB Sesto Carpini
|
0-0: Foul Ball, location: 2F 0-1: Swinging Strike 0-2: Ball 1-2: Strikes out swinging
|
|
Batting: RHB James Huddleston
|
0-0: Ball 1-0: Swinging Strike 1-1: Ground out 1-3 (Groundball, 15S, EV 69.4 MPH)
|
|
Batting: RHB Kevin Benfield
|
0-0: Ball 1-0: Ball 2-0: Fly out, F8 (Flyball, 8LXD, EV 101.9 MPH)
|
| Top of the 9th over - 0 runs, 0 hits, 0 errors, 0 left on base; Durham 0 - Pawtucket 2 |
|